 Dungeon Crawl Stone Soup version 0.23-a0-386-g9c9d49f (webtiles) character file.

11 Kembial the Sneak (level 2, 0/13 HPs)
             Began as a Spriggan Enchanter on Oct 28, 2018.
             Slain by a kobold
             ... wielding a cursed -2 dagger
              (2 damage)
             ... on level 1 of the Dungeon.
             The game lasted 00:02:25 (97 turns).

Kembial the Sneak (Spriggan Enchanter)                Turns: 97, Time: 00:02:25

Health: 0/13       AC:  2    Str:  4    XL:     2   Next: 17%
Magic:  6/6        EV: 18    Int: 16    God:
Gold:   15         SH:  0    Dex: 16    Spells: 5/6 levels left

rFire    . . .     SeeInvis +   a - +1 dagger
rCold    . . .     Gourm    .   (shield restricted)
rNeg     . . .     Faith    .   b - +0 robe
rPois    .         Spirit   .   (helmet restricted)
rElec    .         Reflect  .   (no cloak)
rCorr    .         Harm     .   (gloves unavailable)
MR       .....                  (boots unavailable)
Stlth    +++.......             (no amulet)
HPRegen  0.04/turn              (no ring)
MPRegen  0.10/turn              (no ring)

@: very quick
A: very small, unfitting armour, see invisible, herbivore, speed 3, slow
metabolism 2
a: no special abilities


You were on level 1 of the Dungeon.
You were not hungry.

You visited 1 branch of the dungeon, and saw 1 of its levels.

You collected 15 gold pieces.

Inventory:

Hand Weapons
 a - a +1 dagger (weapon)
Armour
 b - a +0 robe (worn)
Scrolls
 c - a scroll of enchant weapon {unknown}
Comestibles
 d - a ration


   Skills:
 + Level 1.4 Short Blades
 + Level 3.2 Dodging
 + Level 4.6 Stealth
 + Level 2.9 Spellcasting
 + Level 3.8 Hexes


You had 5 spell levels left.
You knew the following spells:

 Your Spells              Type           Power        Failure   Level  Hunger
a - Corona                Hex            ##.....      4%          1    #......

Your spell library contained the following spells:

 Spells                   Type           Power        Failure   Level  Hunger
 Confuse                  Hex            ##......     12%         3    ###....
 Tukima's Dance           Hex            ##......     12%         3    ###....
 Ensorcelled Hibernation  Hex/Ice        #.....       13%         2    ##.....
 Dazzling Spray           Conj/Hex       #.....       26%         3    ###....


Dungeon Overview and Level Annotations

Branches:
Dungeon (1/15)

Altars:


Innate Abilities, Weirdness & Mutations

You are very small and have problems with some larger weapons.
You are too small for most types of armour.
You have supernaturally acute eyesight. (SInv)
You are a herbivore.
You cover ground extremely quickly.
You need to consume almost no food.


Message History

The ball python misses you.
The giant cockroach completely misses you.
The leopard gecko closely misses you.
You miss the leopard gecko.
The leopard gecko is heavily wounded.
The ball python misses you. The ball python completely misses you.
The giant cockroach misses you. The kobold barely misses you.
The leopard gecko closely misses you.
You hit the leopard gecko.
The leopard gecko is severely wounded.
The ball python closely misses you. x2
The giant cockroach bites you but does no damage.
The kobold closely misses you. The leopard gecko closely misses you.
The ball python closely misses you. The ball python completely misses you.
You hit the leopard gecko.
You kill the leopard gecko!
The giant cockroach bites you.
* * * LOW HITPOINT WARNING * * *
The kobold hits you with a cursed -2 dagger.
You die...

#≈.P..... ..###
#≈PPP...P ....
..#♣.P..... #...
.#..≈....<.. #..#
..###♣.♣.....
##.%##..# ♣♣...P
#.......# ♣.....
#K.S..#.#
#≈...♣.♣.
#.@s....#
#≈≈≈≈♣.♣≈
#.....###
######.##
#....$#########..#
#.$.............##
#............####
####.....=...#
#.........#
#.........#
#....####.#


You could see a giant cockroach, a ball python and a kobold.

Vanquished Creatures
  An ooze (D:1)
  A dart slug (D:1)
  A leopard gecko (D:1)
  A bat (D:1)
  A goblin (D:1)
  A rat (D:1)
6 creatures vanquished.

Notes
Turn   | Place    | Note
-------+----------+-------------------------------------------
     0 | D:1      | Kembial the Spriggan Enchanter began the quest for the Orb.
     0 | D:1      | Reached XP level 1. HP: 9/9 MP: 5/5
    74 | D:1      | Reached XP level 2. HP: 12/13 MP: 6/6
    97 | D:1      | Slain by a kobold

Vault maps used:
D:1:      ldierk_walled_garden

Action                   || total
-------------------------++-------
Melee: Dagger            ||    18
 Stab: Sleeping          ||     3
Armor: Robe              ||     3
Dodge: Dodged            ||    32

Table legend:
 A = Non-vault XP
 B = Vault XP
 C = Vault XP percentage of total XP
 D = Non-vault monster count
 E = Vault monster count
 F = Vault count percentage of total count
                 A         B        C        D         E       F
            +---------+---------+-------+---------+---------+-------
      Total |      17 |       0 |   0.0 |       6 |       0 |   0.0
            +---------+---------+-------+---------+---------+-------
        D:1 |      17 |       0 |   0.0 |       6 |       0 |   0.0
            +---------+---------+-------+---------+---------+-------
